 Dungeon Crawl Stone Soup version 0.31-a0-1068-g5939ac1fb6 (webtiles) character file.

Game seed: 8369127917868976471

1891 MacCMillion the Basher (level 8, -1/54 (63) HPs)
             Began as an Armataur Fighter on Nov 23, 2023.
             Killed by divine providence
             ... invoked by Jeremiah
              (13 damage)
             ... on level 6 of the Dungeon.
             The game lasted 00:10:19 (6497 turns).

MacCMillion the Basher (Armataur Fighter)           Turns: 6497, Time: 00:10:20

HP:   -1/54 (63)    AC: 10    Str: 31    XL:     8   Next: 93%
MP:   8/8           EV:  8    Int:  8    God:
Gold: 385           SH:  4    Dex:  9    Spells: 7/7 levels left

rFire   . . .        y - +0 morningstar
rCold   . . .        c - +0 buckler
rNeg    . . .        b - +0 scale mail
rPois   .            n - +0 helmet
rElec   .            (no cloak)
rCorr   .            k - +1 pair of gloves
SInv    .            (no barding)
Will    .....        (no amulet) Stlth
                     p - +6 ring of strength
HPRegen 0.29/turn    (no ring)
MPRegen 0.11/turn

%: roll
@: heavily drained
A: large, deformed body, tough skin 3, armoured tail, roll 2, long tongue
a: no special abilities


You were on level 6 of the Dungeon.
You visited 1 branch of the dungeon, and saw 6 of its levels.
You also visited: Sewer.

You collected 385 gold pieces.

Inventory:

Hand Weapons
 a - a +0 flail
 y - a +0 morningstar (weapon)
Missiles
 l - 12 poisoned darts
 m - 7 boomerangs
 t - a throwing net
Armour
 b - a +0 scale mail (worn)
 c - a +0 buckler (worn)
 k - a +1 pair of gloves (worn)
 n - a +0 helmet (worn)
Jewellery
 p - a +6 ring of strength (left hand)
Wands
 A - a wand of flame (7)
 B - a wand of polymorph (10)
Scrolls
 e - 3 scrolls of teleportation {unknown}
 h - 2 scrolls of fog {unknown}
 j - 2 scrolls of blinking
 q - a scroll of immolation {unknown}
 r - 2 scrolls of amnesia {unknown}
 s - 6 scrolls of identify {unknown}
 v - a scroll of revelation {unknown}
 w - a scroll of silence {unknown}
 z - a scroll of enchant armour {unknown}
 D - a scroll of torment {unknown}
Potions
 d - a potion of might
 f - a potion of mutation {unknown}
 g - 8 potions of heal wounds {unknown}
 i - 3 potions of curing {unknown}
 o - 2 potions of brilliance {unknown}
 u - 2 potions of enlightenment {unknown}
 x - 4 potions of haste {unknown}
 C - a potion of invisibility {unknown}


   Skills:
 + Level 3.4 Fighting
 + Level 10.2 Maces & Flails
 + Level 4.5 Armour
 - Level 4.0 Shields


You had 7 spell levels left.
You didn't know any spells.
Your spell library contained the following spells:

 Spells                   Type           Power      Damage    Failure   Level
 Apportation              Tloc           0%         N/A       69%         1
 Necrotise                Necr           0%         1d4       69%         1
 Sandblast                Erth           0%         2d4       69%         1
 Summon Small Mammal      Summ           0%         N/A       69%         1
 Passwall                 Tmut/Erth      0%         N/A       83%         2
 Poisonous Vapours        Pois/Air       0%         N/A       83%         2
 Mephitic Cloud           Conj/Pois/Air  0%         N/A       96%         3
 Stone Arrow              Conj/Erth      0%         3d7       96%         3
 Anguish                  Hex/Necr       0%         N/A       100%        4
 Brom's Barrelling Bould  Conj/Erth      0%         2d3       100%        4
 Cause Fear               Hex            0%         N/A       100%        4
 Freezing Cloud           Conj/Ice/Air   0%         6-21      100%        5
 Enfeeble                 Hex            0%         N/A       100%        7


Dungeon Overview and Level Annotations

Branches:
Dungeon (6/15)              Sewer (visited)
 Temple: D:4-7

Altars:

Shops:
D:6 =

Annotations:
D:6 Jeremiah


Innate Abilities, Weirdness & Mutations

Armour fits poorly on your strangely shaped body.
You have extremely tough skin. (AC +3)
You have a long armoured tail.
You roll and regenerate health when moving toward enemies. (Rampage Heal)
Your long tongue fully drains potion bottles. (2x potion effects)


Message History

You closely miss Jeremiah.
Jeremiah is severely wounded.
The butterfly disappears in a burst of colours!
Jeremiah hits you but does no damage.
You feel drained.
You hit Jeremiah but do no damage. You tail-slap Jeremiah.
Jeremiah is severely wounded.
The butterfly disappears in a burst of colours!
Jeremiah cries, "Fearful master, protect me!"
Something smites you!
You closely miss Jeremiah.
Your tail-slap misses Jeremiah.
Jeremiah is severely wounded.
Jeremiah hops!
You roll towards the butterfly!
You miss the butterfly.
The butterfly disappears in a burst of colours!
Jeremiah mumbles a slurred invocation.
Something smites you!
You closely miss the butterfly.
Your tail-slap misses the butterfly.
Jeremiah cries, "Fearful master, protect me!"
Something smites you!
* * * LOW HITPOINT WARNING * * *
You impale the butterfly!!
You kill the butterfly!
The butterfly disappears in a burst of colours!
Jeremiah opens the door.
You roll towards the butterfly!
You miss the butterfly.
Your tail-slap misses the butterfly.
You roll towards the butterfly!
You impale the butterfly!!
You kill the butterfly!
The butterfly disappears in a burst of colours!
Jeremiah hits you from afar with a +3 trident of draining.
* * * LOW HITPOINT WARNING * * *
You feel drained.
* * * LOW HITPOINT WARNING * * *
The butterfly disappears in a burst of colours! x3
The butterfly disappears in a burst of colours! x3
Jeremiah hops!
Jeremiah lets out a twisted cry.
Something smites you!
You die...
Jeremiah wails, "I didn't mean to kill anyone!
I'm not a murderer!"

#.#####.... #...#
#.......... F...#
#..........
#b..#####........#
#.b.+...#.....##.#
#.b.###.#.....####
#.b..b#........##
#b..#.#.........#
+@..bbbb........##
#...b.##b.......+.
####~#..........##
#~####.....).# #~#
###.....# #~#
####### #~# #~#
#~#


You could see Jeremiah.

Vanquished Creatures
  Prince Ribbit (D:6)
  Pargi (D:3)
  3 ogres
  2 phantoms (D:5)
  Blork the orc (D:6)
  A bullfrog (Sewer)
  4 scorpions
  6 orc priests
  A hound (D:3)
  A jelly (D:4)
  An iguana (D:5)
  7 orc wizards
  Robin (D:2)
  4 gnolls
  16 adders
  A white imp (D:5)
  2 ufetubi (D:5)
  2 dart slugs
  30 orcs
  14 ball pythons
  9 endoplasms
  4 giant cockroaches
  10 hobgoblins
  11 jackals
  12 quokkas
  4 bats
  8 frilled lizards
  13 goblins
  6 kobolds
  3 rats
179 creatures vanquished.

Notes
Turn   | Place    | Note
-------+----------+-------------------------------------------
     0 | D:1      | MacCMillion the Armataur Fighter began the quest for the
                  | Orb.
     0 | D:1      | Reached XP level 1. HP: 18/18 MP: 1/1
   125 | D:1      | Reached skill level 2 in Maces & Flails
   171 | D:1      | Reached XP level 2. HP: 25/25 MP: 2/2
   652 | D:2      | Found a faded altar of an unknown god.
   713 | D:2      | Reached XP level 3. HP: 30/30 MP: 3/3
   913 | D:2      | Reached skill level 3 in Maces & Flails
  1409 | D:2      | Noticed Robin
  1418 | D:2      | Killed Robin
  1419 | D:2      | Reached XP level 4. HP: 37/37 MP: 4/4
  1599 | D:3      | Noticed Pargi
  1618 | D:3      | Killed Pargi
  1619 | D:3      | Reached skill level 4 in Maces & Flails
  1619 | D:3      | Reached XP level 5. HP: 24/42 MP: 5/5
  1913 | D:3      | Reached skill level 5 in Maces & Flails
  1992 | D:3      | Reached XP level 6. HP: 16/50 MP: 6/6
  2289 | D:3      | Reached skill level 6 in Maces & Flails
  2899 | D:3      | Gained mutation: You roll and regenerate health when moving
                  | toward enemies. (Rampage Heal) [Armataur growth]
  2899 | D:3      | Reached XP level 7. HP: 35/56 MP: 7/7
  3085 | D:4      | Reached skill level 7 in Maces & Flails
  4282 | D:4      | Reached skill level 8 in Maces & Flails
  4356 | D:5      | Entered Level 5 of the Dungeon
  4530 | D:5      | Reached XP level 8. HP: 60/62 MP: 8/8
  4827 | D:5      | Reached skill level 9 in Maces & Flails
  5376 | D:6      | Noticed Blork the orc
  5490 | D:6      | Killed Blork the orc
  5500 | D:6      | Noticed Prince Ribbit
  5516 | D:6      | Found Atimo's Jewellery Shoppe.
  5533 | D:6      | Killed Prince Ribbit
  5534 | D:6      | Reached skill level 10 in Maces & Flails
  5637 | D:6      | Noticed Jeremiah
  5815 | D:6      | Found a glowing drain.
  5824 | Sewer    | Entered a sewer
  6497 | D:6      | Killed from afar by Jeremiah

Illustrated notes

Levels and vault maps discovered:
D:1:      dpeg_arrival_arbitrary_b, layout_basic, minmay_misc_feat_rows,
          chequers_garden
D:2:      layout_basic, chequers_ecumenical_altar_lobes, uniq_robin
D:3:      layout_rooms, kennysheep_orc_chapel, uniq_pargi
D:4:      layout_rooms, st_stairs_11
D:5:      layout_basic
D:6:      layout_basic, portal_sewer_entry_d, serial_shops,
          nicolae_shop_statue_plus, nicolae_titane, uniq_jeremiah,
          uniq_prince_ribbit1, uniq_blork_the_orc

Skill      XL: |  1  2  3  4  5  6  7  8 |
---------------+-------------------------+-----
Maces & Flails | 2 3 4 5 6 8 10 | 10.2
Shields        | 4 |  4.0
Fighting       | 3 |  3.4
Armour         | 4 |  4.5

Action                     |  1- 3 |  4- 6 |  7- 9 || total
---------------------------+-------+-------+-------++-------
  Melee: Flail             |    97 |   136 |   213 ||   446
         Tailslap          |     3 |    20 |    39 ||    62
         Morningstar       |       |       |   151 ||   151
 Armour: Scale mail        |    54 |   139 |   331 ||   524
  Dodge: Dodged            |    28 |    42 |   145 ||   215
  Block: Buckler           |    14 |    25 |    79 ||   118

Table legend: (Time is in decaauts)
 A = Elapsed time spent in this place.
 B = Non-inter-level travel time spent in this place.
 C = Inter-level travel time spent in this place.
 D = Time resting spent in this place.
 E = Time spent auto-exploring this place.
 F = Levels seen in this place.
 G = Mean time per level.
                   A        B        C        D        E       F      G
               +--------+--------+--------+--------+--------+-----+--------+
         Total |   6567 |   6342 |    225 |   1844 |   3105 |   7 |  938.1 |
       Dungeon |   5914 |   5689 |    225 |   1585 |   2968 |   6 |  985.7 |
         Sewer |    653 |    653 |      0 |    259 |    137 |   1 |  653.0 |
               +--------+--------+--------+--------+--------+-----+--------+

Top non-repeatable levels by time:
     D:3: 2084 daAuts
     D:5: 1057 daAuts
     D:2: 958 daAuts
     D:4: 802 daAuts
   Sewer: 653 daAuts
     D:1: 632 daAuts
     D:6: 379 daAuts
